[Event "First GM Mix Bassano 2021"]
[Site "Bassano del Grappa"]
[Date "2021.03.17"]
[Round "2.3"]
[White "Gregoric, Andraz"]
[Black "Grimaldi, Angela Flavia"]
[Result "1-0"]
[ECO "B06"]
[WhiteElo "2114"]
[BlackElo "2067"]
[Annotator "NA"]
[PlyCount "93"]
[EventDate "2021.03.17"]
[EventType "swiss"]
[EventCountry "ITA"]
[SourceTitle "playchess.com"]
[Source "ChessBase"]
[SourceQuality "1"]
[TimeControl "5400+30"]

1. e4 c5 2. Nf3 g6 3. c3 d5 4. exd5 Qxd5 5. Na3 Bg7 6. d4 cxd4 7. Bc4 Qe4+ 8. Be3 Nh6 9. Nb5 O-O 10. cxd4 Nc6 11. Nc3 Qg4 12. h3 Qh5 13. Qd2 Ng4 14. Bg5 h6 15. Bh4 Nf6 16. Qe3 Nb4 17. Qxe7 Nd3+ 18. Bxd3 Re8 19. Bxf6 Rxe7+ 20. Bxe7 Bxd4 21. Nxd4 Qe5+ 22. Be2 Qxe7 23. O-O-O Qg5+ 24. Kb1 Bf5+ 25. Nxf5 Qxf5+ 26. Ka1 Re8 27. Bc4 a6 28. Bb3 b5 29. f3 a5 30. Ne4 Re7 31. Rd5 Re5 32. Rd8+ Kg7 33. Nd6 Qg5 34. Rd7 Re7 35. Rxe7 Qxe7 36. Nxb5 Qg5 37. a4 Qxg2 38. Rc1 Qxf3 39. Rc3 Qf1+ 40. Ka2 f5 41. h4 Qf2 42. Rc7+ Kf6 43. Rc6+ Ke5 44. Rxg6 Qxh4 45. Nd6 f4 46. Re6+ Kd4 47. Nf5+ 1-0

[Event "First GM Mix Bassano 2021"]
[Site "Bassano del Grappa"]
[Date "2021.03.17"]
[Round "2.5"]
[White "Marasa, Giuseppe"]
[Black "Baliuniene, Margarita"]
[Result "1-0"]
[ECO "D36"]
[WhiteElo "1952"]
[BlackElo "1886"]
[Annotator "NA"]
[PlyCount "97"]
[EventDate "2021.03.17"]
[EventType "swiss"]
[EventCountry "ITA"]
[SourceTitle "playchess.com"]
[Source "ChessBase"]
[SourceQuality "1"]
[TimeControl "5400+30"]

1. d4 d5 2. c4 e6 3. Nc3 Nf6 4. cxd5 exd5 5. Bg5 c6 6. e3 Be7 7. Bd3 O-O 8. h3 Ne4 9. Bxe7 Qxe7 10. Qc2 f5 11. Nf3 Nd7 12. O-O-O Ndf6 13. Ne5 c5 14. f3 cxd4 15. exd4 Nxc3 16. Qxc3 Be6 17. Kb1 Rac8 18. Qd2 Qc7 19. g4 Nd7 20. Rhe1 fxg4 21. hxg4 Rce8 22. Rc1 Qd6 23. Qh2 h6 24. g5 Bf5 25. Bxf5 Rxf5 26. Qh5 Ref8 27. f4 Nxe5 28. dxe5 Qe6 29. Ka1 Rxf4 30. gxh6 Qxh6 31. Qd1 Qe6 32. Qb3 b6 33. Rcd1 Rd8 34. Qg3 Rf5 35. Qh3 Rdf8 36. Rh1 Qxe5 37. Qh7+ Kf7 38. Rhe1 Qf6 39. Rc1 Qg5 40. Rc7+ Kf6 41. Rc6+ Kf7 42. Rc7+ Kf6 43. Rc6+ Kf7 44. Rce6 Rf2 45. a3 d4 46. Qd3 Qc5 47. Qb3 Rc8 48. Re7+ Kg6 49. Qg3+ 1-0

[Event "First GM Mix Bassano 2021"]
[Site "Bassano del Grappa"]
[Date "2021.03.18"]
[Round "3.5"]
[White "Markoja, Boris"]
[Black "Baenziger, Fabian"]
[Result "1/2-1/2"]
[ECO "D23"]
[WhiteElo "2439"]
[BlackElo "2409"]
[Annotator "RC"]
[PlyCount "46"]
[EventDate "2021.03.17"]
[EventType "swiss"]
[EventCountry "ITA"]
[SourceTitle "playchess.com"]
[Source "ChessBase"]
[SourceQuality "1"]
[TimeControl "5400+30"]

1. c4 c6 2. d4 d5 3. Nf3 Nf6 4. Qb3 dxc4 5. Qxc4 Bf5 6. g3 e6 7. Bg2 Be7 8. O-O O-O 9. Qb3 Qb6 10. Nbd2 Rd8 11. Nc4 Qa6 12. Bd2 Nbd7 13. Rfc1 Be4 14. Bb4 c5 15. dxc5 Nxc5 16. Qa3 Qxa3 17. Bxa3 Rac8 18. Nfe5 Bxg2 19. Kxg2 Nfd7 20. Rc2 b5 21. Nxd7 Rxd7 22. Na5 Rdc7 23. Rac1 Kf8 1/2-1/2

[Event "First GM Mix Bassano 2021"]
[Site "Bassano del Grappa"]
[Date "2021.03.18"]
[Round "4.2"]
[White "Kuhn, Clement"]
[Black "Martin Duque, Jesus"]
[Result "0-1"]
[ECO "B49"]
[WhiteElo "2278"]
[BlackElo "2454"]
[Annotator "RC"]
[PlyCount "90"]
[EventDate "2021.03.17"]
[EventType "swiss"]
[EventCountry "ITA"]
[SourceTitle "playchess.com"]
[Source "ChessBase"]
[SourceQuality "1"]
[TimeControl "5400+30"]

1. e4 c5 2. Nf3 e6 3. d4 cxd4 4. Nxd4 Nc6 5. Nc3 Qc7 6. Be2 a6 7. O-O Nf6 8. Be3 Bb4 9. Na4 Be7 10. Nxc6 bxc6 11. Qd4 Rb8 12. Nc5 e5 13. Qd3 a5 14. Nb3 d5 15. Bf3 a4 16. Nd2 Rxb2 17. Rfb1 Rxb1+ 18. Rxb1 d4 19. Bg5 O-O 20. Bxf6 Bxf6 21. Qa3 Ba6 22. Qxa4 Bb5 23. Qb3 Ra8 24. Nc4 Be7 25. Be2 Ra4 26. a3 Bf8 27. Bd3 Qe7 28. f4 exf4 29. e5 Ra7 30. Rf1 Qg5 31. h3 g6 32. Kh1 Kg7 33. a4 Rxa4 34. Nd6 Bxd6 35. Bxb5 Qxe5 36. Qxa4 f3 37. g3 cxb5 38. Qa1 Qxg3 39. Qxd4+ Be5 40. Qf2 Qxh3+ 41. Kg1 Qg4+ 42. Kh1 Bg3 43. Qd2 f2 44. Qc3+ f6 45. Rxf2 Qh3+ 0-1

[Event "First GM Mix Bassano 2021"]
[Site "Bassano del Grappa"]
[Date "2021.03.18"]
[Round "4.3"]
[White "Sonis, Francesco"]
[Black "Niemann, Hans Moke"]
[Result "0-1"]
[ECO "D43"]
[WhiteElo "2477"]
[BlackElo "2526"]
[Annotator "ChessBase"]
[PlyCount "78"]
[EventDate "2021.03.17"]
[EventType "swiss"]
[EventCountry "ITA"]
[SourceTitle "playchess.com"]
[Source "ChessBase"]
[SourceQuality "1"]
[TimeControl "5400+30"]

1. d4 Nf6 2. c4 e6 3. Nf3 d5 4. Nc3 c6 5. Bg5 h6 6. Bxf6 Qxf6 7. a3 dxc4 8. Ne5 b5 9. g3 Bb7 10. Bg2 a6 11. a4 Bd6 12. axb5 axb5 13. Rxa8 Bxa8 14. Qa1 Bb7 15. Qa7 Qe7 16. O-O O-O 17. Ne4 Bb4 18. Ra1 Qc7 19. b3 Nd7 20. Nxd7 Qxd7 21. Nc5 Bxc5 22. Qxc5 cxb3 23. Rb1 Ra8 24. Bf3 Ra4 25. e3 Rc4 26. Qa7 e5 27. Qb8+ Bc8 28. Be2 exd4 29. exd4 Qf5 30. Rxb3 Rc1+ 31. Kg2 Qh3+ 32. Kf3 Rg1 33. Bd3 Qg4+ 34. Ke3 Qe6+ 35. Kf3 Re1 36. Kg2 Qh3+ 37. Kf3 Re8 38. Qf4 Qh5+ 39. Kg2 Bh3+ 0-1

[Event "First GM Mix Bassano 2021"]
[Site "Bassano del Grappa"]
[Date "2021.03.19"]
[Round "5.1"]
[White "Baliuniene, Margarita"]
[Black "Zlatanovic, Marcus"]
[Result "1/2-1/2"]
[ECO "D78"]
[WhiteElo "1886"]
[BlackElo "1687"]
[Annotator "NA"]
[PlyCount "118"]
[EventDate "2021.03.17"]
[EventType "swiss"]
[EventCountry "ITA"]
[SourceTitle "playchess.com"]
[Source "ChessBase"]
[SourceQuality "1"]
[TimeControl "5400+30"]

1. Nf3 Nf6 2. g3 g6 3. Bg2 Bg7 4. d4 c6 5. c4 d5 6. Nbd2 O-O 7. O-O Nbd7 8. cxd5 cxd5 9. Nb3 Nb6 10. Nc5 Nfd7 11. Nd3 Re8 12. a4 e5 13. dxe5 Nxe5 14. Nfxe5 Bxe5 15. Nxe5 Rxe5 16. Bf4 Re8 17. b3 g5 18. Be3 Be6 19. Qd4 Qe7 20. a5 Nc8 21. Rad1 Nd6 22. Qd2 Ne4 23. Qb2 h6 24. Bd4 f5 25. f3 Nd6 26. Bc5 Qc7 27. Rc1 Rac8 28. b4 Nc4 29. Qf6 Qg7 30. Qxg7+ Kxg7 31. Bxa7 Nd2 32. Rfd1 Rc4 33. Rxc4 Nxc4 34. f4 Kg6 35. Bxd5 Bxd5 36. Rxd5 Rxe2 37. Rd7 Kh5 38. fxg5 hxg5 39. Bf2 Rb2 40. Rxb7 Nxa5 41. Rb5 Nc6 42. Bc5 Kg4 43. Bd6 Nd4 44. Rd5 Nf3+ 45. Kf1 Nxh2+ 46. Ke1 Nf3+ 47. Kd1 Nh2 48. b5 Nf1 49. Kc1 Rb3 50. Kc2 Ne3+ 51. Kxb3 Nxd5 52. Kc4 Nb6+ 53. Kc5 Na4+ 54. Kb4 Nb6 55. Bc5 Na8 56. Bf2 Nc7 57. Kc5 Nxb5 58. Kxb5 Kf3 59. Be1 f4 1/2-1/2

[Event "First GM Mix Bassano 2021"]
[Site "Bassano del Grappa"]
[Date "2021.03.19"]
[Round "5.4"]
[White "Frick, Cristopher"]
[Black "Marasa, Giuseppe"]
[Result "1/2-1/2"]
[ECO "D02"]
[WhiteElo "2051"]
[BlackElo "1952"]
[Annotator "NA"]
[PlyCount "44"]
[EventDate "2021.03.17"]
[EventType "swiss"]
[EventCountry "ITA"]
[SourceTitle "playchess.com"]
[Source "ChessBase"]
[SourceQuality "1"]
[TimeControl "5400+30"]

1. d4 d5 2. Bf4 c5 3. e3 Nc6 4. Nf3 Nf6 5. Nbd2 cxd4 6. exd4 Qb6 7. Nb3 Bg4 8. Be2 e6 9. O-O Be7 10. Re1 O-O 11. h3 Bh5 12. Ne5 Bxe2 13. Rxe2 Rad8 14. c3 Rfe8 15. Qd3 Ne4 16. Rd1 Bd6 17. Nxc6 Qxc6 18. Bxd6 Qxd6 19. Nd2 Nxd2 20. Rdxd2 Rb8 21. Re5 b5 22. Rde2 b4 1/2-1/2

[Event "First GM Mix Bassano 2021"]
[Site "Bassano del Grappa"]
[Date "2021.03.19"]
[Round "5.5"]
[White "Checa, Nicolas"]
[Black "Basso, Pier Luigi"]
[Result "1/2-1/2"]
[ECO "D61"]
[WhiteElo "2546"]
[BlackElo "2521"]
[Annotator "RC"]
[PlyCount "44"]
[EventDate "2021.03.17"]
[EventType "swiss"]
[EventCountry "ITA"]
[SourceTitle "playchess.com"]
[Source "ChessBase"]
[SourceQuality "1"]
[TimeControl "5400+30"]

1. d4 d5 2. c4 e6 3. Nc3 Be7 4. Nf3 Nf6 5. Bg5 Nbd7 6. e3 h6 7. Bh4 O-O 8. Qc2 c5 9. cxd5 Nxd5 10. Bxe7 Qxe7 11. Nxd5 exd5 12. dxc5 Nxc5 13. Be2 Bg4 14. O-O Rac8 15. Nd4 Ne6 16. Qd2 Qg5 17. Bxg4 Qxg4 18. Ne2 Rfd8 19. Rac1 Rxc1 20. Rxc1 d4 21. exd4 Nxd4 22. Nxd4 Qxd4 1/2-1/2

[Event "First GM Mix Bassano 2021"]
[Site "Bassano del Grappa"]
[Date "2021.03.19"]
[Round "6.3"]
[White "Baliuniene, Margarita"]
[Black "Grimaldi, Angela Flavia"]
[Result "1-0"]
[ECO "A07"]
[WhiteElo "1886"]
[BlackElo "2067"]
[Annotator "NA"]
[PlyCount "79"]
[EventDate "2021.03.17"]
[EventType "swiss"]
[EventCountry "ITA"]
[SourceTitle "playchess.com"]
[Source "ChessBase"]
[SourceQuality "1"]
[TimeControl "5400+30"]

1. Nf3 d5 2. g3 d4 3. Bg2 c5 4. e4 Nc6 5. d3 e5 6. Nbd2 g6 7. Nc4 Bg7 8. a4 Nge7 9. c3 O-O 10. cxd4 cxd4 11. O-O h6 12. b3 Be6 13. Ba3 Rb8 14. Nfd2 b5 15. axb5 Rxb5 16. Nd6 Rb8 17. N2c4 a5 18. f4 Nb4 19. f5 Bxc4 20. Nxc4 Nec6 21. Bh3 g5 22. Bg4 Bf6 23. Bh5 Kh7 24. Qd2 Ra8 25. Bc1 Qe7 26. Kh1 Ra7 27. Ba3 Rb8 28. Rfc1 Kg7 29. Qe2 Qd7 30. Nd2 Rba8 31. Rc4 Rb8 32. Rac1 Rb6 33. Rc5 a4 34. Nc4 Rbb7 35. bxa4 Rxa4 36. Qd1 Raa7 37. Rb1 Na2 38. Rxb7 Qxb7 39. Nd6 Qc7 40. Ne8+ 1-0

[Event "First GM Mix Bassano 2021"]
[Site "Bassano del Grappa"]
[Date "2021.03.19"]
[Round "6.4"]
[White "Marasa, Giuseppe"]
[Black "Plat, Vojta"]
[Result "0-1"]
[ECO "D07"]
[WhiteElo "1952"]
[BlackElo "2555"]
[Annotator "ChessBase"]
[PlyCount "98"]
[EventDate "2021.03.17"]
[EventType "swiss"]
[EventCountry "ITA"]
[SourceTitle "playchess.com"]
[Source "ChessBase"]
[SourceQuality "1"]
[TimeControl "5400+30"]

1. d4 d5 2. c4 Nc6 3. cxd5 Qxd5 4. Nf3 e5 5. Nc3 Bb4 6. Bd2 Bxc3 7. Bxc3 e4 8. Ne5 Nge7 9. e3 Nxe5 10. dxe5 Qxd1+ 11. Rxd1 Be6 12. a3 Bd5 13. Be2 O-O-O 14. O-O Rhe8 15. f4 exf3 16. gxf3 Be6 17. e4 g5 18. Kf2 Ng6 19. Rxd8+ Rxd8 20. Rd1 Re8 21. Bd4 Bb3 22. Rd3 Bc4 23. Rc3 Bxe2 24. Kxe2 b6 25. b4 Kd7 26. Ke3 Re6 27. Rd3 Kc8 28. Rc3 Nf4 29. Rc2 Rh6 30. Bc3 Kb7 31. Be1 Rc6 32. Bc3 Ng6 33. Kd3 b5 34. Bd4 Rxc2 35. Kxc2 Nh4 36. Kd3 Nxf3 37. Be3 Nxe5+ 38. Kd4 Nf3+ 39. Kd5 h5 40. h3 a6 41. Kc5 g4 42. hxg4 hxg4 43. Bf4 Ne1 44. Kd5 Nc2 45. Ke5 Nxa3 46. Kf6 Nc2 47. Kxf7 Nxb4 48. e5 Nc6 49. e6 b4 0-1

[Event "First GM Mix Bassano 2021"]
[Site "Bassano del Grappa"]
[Date "2021.03.19"]
[Round "6.5"]
[White "Zlatanovic, Marcus"]
[Black "Gregoric, Andraz"]
[Result "0-1"]
[ECO "C60"]
[WhiteElo "1687"]
[BlackElo "2114"]
[Annotator "NA"]
[PlyCount "96"]
[EventDate "2021.03.17"]
[EventType "swiss"]
[EventCountry "ITA"]
[SourceTitle "playchess.com"]
[Source "ChessBase"]
[SourceQuality "1"]
[TimeControl "5400+30"]

1. e4 e5 2. Nf3 Nc6 3. Bb5 g6 4. d3 Bg7 5. O-O a6 6. Bxc6 bxc6 7. b3 d6 8. Bb2 c5 9. Nbd2 Ne7 10. Nc4 O-O 11. Nfd2 g5 12. Nf3 h6 13. c3 f5 14. Qe2 fxe4 15. dxe4 Bg4 16. Ncd2 Ng6 17. Qc4+ Kh7 18. h3 Bxf3 19. Nxf3 Rxf3 20. gxf3 Qd7 21. Rfe1 Nh4 22. Qf1 Nxf3+ 23. Kg2 Nxe1+ 24. Rxe1 g4 25. Qd3 Rf8 26. hxg4 Qxg4+ 27. Qg3 Qe6 28. c4 Rf6 29. Kh2 Qf7 30. Rf1 Rf3 31. Qh4 Rf4 32. Qg3 Qh5+ 33. Kg2 Rg4 34. f3 Rxg3+ 35. Kxg3 Qg5+ 36. Kh3 Bf6 37. Bc1 Qh4+ 38. Kg2 Bg5 39. Bxg5 Qxg5+ 40. Kf2 Qd2+ 41. Kg3 Qxa2 42. f4 Qxb3+ 43. Kg4 Qxc4 44. Re1 exf4 45. Kxf4 d5 46. Kf3 Qxe4+ 47. Rxe4 dxe4+ 48. Kxe4 h5 0-1

[Event "First GM Mix Bassano 2021"]
[Site "Bassano del Grappa"]
[Date "2021.03.20"]
[Round "7.1"]
[White "Checa, Nicolas"]
[Black "Baliuniene, Margarita"]
[Result "1-0"]
[ECO "D36"]
[WhiteElo "2546"]
[BlackElo "1886"]
[Annotator "ChessBase"]
[PlyCount "103"]
[EventDate "2021.03.17"]
[EventType "swiss"]
[EventCountry "ITA"]
[SourceTitle "playchess.com"]
[Source "ChessBase"]
[SourceQuality "1"]
[TimeControl "5400+30"]

1. d4 d5 2. c4 e6 3. Nc3 Nf6 4. cxd5 exd5 5. Bg5 c6 6. e3 Be7 7. Bd3 O-O 8. Qc2 h6 9. Bh4 a5 10. Nge2 Na6 11. a3 b5 12. O-O Bd7 13. Rfc1 Nc7 14. a4 b4 15. Nb1 Ne6 16. Nd2 c5 17. dxc5 Bxc5 18. Bb5 g5 19. Bxd7 Qxd7 20. Bg3 Rac8 21. Qd3 Rfd8 22. Nb3 Bb6 23. Qa6 Bc7 24. Bxc7 Rxc7 25. Qxa5 Rc4 26. Nd2 Rxc1+ 27. Rxc1 d4 28. exd4 Nxd4 29. Nxd4 Qxd4 30. Nf1 Ng4 31. Rc2 Re8 32. Qc5 Qd1 33. Rc1 Qxa4 34. Qf5 b3 35. h3 Ne5 36. Ng3 Qf4 37. Rc8 Rxc8 38. Qxc8+ Kh7 39. Qc3 g4 40. h4 Kg6 41. Qxb3 Qc1+ 42. Kh2 Qd2 43. Qb6+ Kh7 44. b4 Nd3 45. Qd4 Qc2 46. Qe4+ Kh8 47. b5 Qb3 48. b6 Qxb6 49. Qxd3 Qxf2 50. Qf5 Qxf5 51. Nxf5 h5 52. Ng3 1-0

[Event "First GM Mix Bassano 2021"]
[Site "Bassano del Grappa"]
[Date "2021.03.20"]
[Round "7.2"]
[White "Gregoric, Andraz"]
[Black "Marasa, Giuseppe"]
[Result "1/2-1/2"]
[ECO "C84"]
[WhiteElo "2114"]
[BlackElo "1952"]
[Annotator "NA"]
[PlyCount "56"]
[EventDate "2021.03.17"]
[EventType "swiss"]
[EventCountry "ITA"]
[SourceTitle "playchess.com"]
[Source "ChessBase"]
[SourceQuality "1"]
[TimeControl "5400+30"]

1. e4 e5 2. Nf3 Nc6 3. Bb5 a6 4. Ba4 Nf6 5. d3 b5 6. Bb3 Be7 7. a4 b4 8. O-O O-O 9. a5 d6 10. Nbd2 Be6 11. c3 bxc3 12. bxc3 Bxb3 13. Qxb3 Qd7 14. Nc4 Rfb8 15. Qc2 Bf8 16. h3 g6 17. Be3 Bg7 18. Rfb1 Qe8 19. Ra2 Rxb1+ 20. Qxb1 Rb8 21. Rb2 Rxb2 22. Qxb2 Qb8 23. Qxb8+ Nxb8 24. Nfd2 h6 25. f3 Kf8 26. Kf1 Ke7 27. Ke2 Kd7 28. Nb3 Kc6 1/2-1/2

[Event "First GM Mix Bassano 2021"]
[Site "Bassano del Grappa"]
[Date "2021.03.20"]
[Round "7.5"]
[White "Grimaldi, Angela Flavia"]
[Black "Zlatanovic, Marcus"]
[Result "1-0"]
[ECO "B38"]
[WhiteElo "2067"]
[BlackElo "1687"]
[Annotator "NA"]
[PlyCount "109"]
[EventDate "2021.03.17"]
[EventType "swiss"]
[EventCountry "ITA"]
[SourceTitle "playchess.com"]
[Source "ChessBase"]
[SourceQuality "1"]
[TimeControl "5400+30"]

1. e4 c5 2. Nf3 g6 3. d4 cxd4 4. Nxd4 Bg7 5. c4 Nc6 6. Be3 Nf6 7. Nc3 O-O 8. Be2 d6 9. O-O Bd7 10. f3 a5 11. b3 Nxd4 12. Bxd4 Bc6 13. Rc1 Nd7 14. Be3 Nc5 15. Qd2 Qd7 16. Rfd1 Rfd8 17. Qc2 Qc7 18. Rb1 Rdb8 19. Rdc1 Qd7 20. Qd2 Rd8 21. Kh1 Rac8 22. Rc2 Bxc3 23. Qxc3 b6 24. Rd1 Qb7 25. Bh6 f6 26. Be3 Rd7 27. Rcd2 Rcd8 28. Bf2 Kg7 29. Qe3 b5 30. cxb5 Bxb5 31. Bxb5 Qxb5 32. Qc3 Rc7 33. Qd4 Rdc8 34. f4 Ne6 35. Qd5 Qxd5 36. exd5 Nxf4 37. g3 Nh5 38. Bb6 Rc1 39. Bxa5 Rxd1+ 40. Rxd1 Rc2 41. Rd2 Rxd2 42. Bxd2 Kf7 43. a4 Ke8 44. g4 Ng7 45. Bh6 Nh5 46. gxh5 g5 47. Kg2 Kd7 48. Kf3 e6 49. dxe6+ Kxe6 50. a5 Kd5 51. b4 Kc6 52. Ke4 d5+ 53. Kd4 g4 54. Bf4 f5 55. h6 1-0

[Event "First GM Mix Bassano 2021"]
[Site "Bassano del Grappa"]
[Date "2021.03.20"]
[Round "8.2"]
[White "Sebenik, Matej"]
[Black "Shetty, Atulya"]
[Result "0-1"]
[ECO "D15"]
[WhiteElo "2481"]
[BlackElo "2447"]
[Annotator "RC"]
[PlyCount "90"]
[EventDate "2021.03.17"]
[EventType "swiss"]
[EventCountry "ITA"]
[SourceTitle "playchess.com"]
[Source "ChessBase"]
[SourceQuality "1"]
[TimeControl "5400+30"]

1. d4 d5 2. c4 c6 3. Nf3 Nf6 4. Nc3 a6 5. a4 e6 6. Bg5 Be7 7. e3 a5 8. Bd3 Na6 9. Rc1 Nb4 10. Bb1 O-O 11. O-O b6 12. cxd5 exd5 13. Ne5 Bb7 14. f4 c5 15. Nb5 Ba6 16. Bxf6 Bxf6 17. dxc5 bxc5 18. Rxc5 Bxb5 19. Rxb5 Qe7 20. Qd4 Rfc8 21. b3 g6 22. h3 Rc7 23. e4 dxe4 24. Qxe4 Ra6 25. f5 Kg7 26. Nc4 Nc6 27. fxg6 hxg6 28. Rd5 Qxe4 29. Bxe4 Re7 30. Bf3 Bc3 31. Rd3 Bb4 32. Bxc6 Rxc6 33. Rd5 Re2 34. Rd7 Be7 35. Kh1 f5 36. Rd5 Bb4 37. Kh2 Ra2 38. h4 Re6 39. Rd3 Re4 40. Kh3 Be7 41. g3 Ree2 42. Rh1 Bc5 43. g4 f4 44. Rf3 g5 45. hxg5 Re8 0-1

[Event "First GM Mix Bassano 2021"]
[Site "Bassano del Grappa"]
[Date "2021.03.20"]
[Round "8.3"]
[White "Vidic, Teja"]
[Black "Martin Duque, Jesus"]
[Result "0-1"]
[ECO "C41"]
[WhiteElo "2182"]
[BlackElo "2454"]
[Annotator "RC"]
[PlyCount "79"]
[EventDate "2021.03.17"]
[EventType "swiss"]
[EventCountry "ITA"]
[SourceTitle "playchess.com"]
[Source "ChessBase"]
[SourceQuality "1"]
[TimeControl "5400+30"]

1. e4 d6 2. d4 Nf6 3. Nc3 e5 4. Nf3 Nbd7 5. Bc4 Be7 6. O-O c6 7. a4 h6 8. Re1 Qc7 9. Ba2 a5 10. h3 g5 11. Qd3 Nf8 12. Qc4 Ne6 13. d5 cxd5 14. Nxd5 Nxd5 15. Qxd5 Bd7 16. Bc4 O-O 17. Be3 Nf4 18. Bxf4 Be6 19. Qd1 Qxc4 20. Be3 f5 21. Nd2 Qc6 22. exf5 Bxf5 23. Qh5 Kg7 24. h4 Bg6 25. Qg4 gxh4 26. f4 Qc8 27. Qf3 Rf7 28. Ra3 Qxc2 29. Qxb7 Rc8 30. Qd5 Bf6 31. Rb3 Re8 32. Rf1 exf4 33. Bd4 Qf5 34. Qxd6 Re6 35. Qxf4 Qd5 36. Bxf6+ Rexf6 37. Qe3 h3 38. gxh3 Rf4 39. Rf2 Rxf2 40. Nf1 0-1

[Event "First GM Mix Bassano 2021"]
[Site "Bassano del Grappa"]
[Date "2021.03.20"]
[Round "8.5"]
[White "Subelj, Jan"]
[Black "Baenziger, Fabian"]
[Result "1-0"]
[ECO "B51"]
[WhiteElo "2430"]
[BlackElo "2409"]
[Annotator "NA"]
[PlyCount "50"]
[EventDate "2021.03.17"]
[EventType "swiss"]
[EventCountry "ITA"]
[SourceTitle "playchess.com"]
[Source "ChessBase"]
[SourceQuality "1"]
[TimeControl "5400+30"]

1. e4 c5 2. Nf3 d6 3. Bb5+ Nd7 4. c3 Ngf6 5. Qe2 a6 6. Ba4 b5 7. Bc2 Bb7 8. d4 e6 9. O-O Be7 10. Re1 O-O 11. Nbd2 cxd4 12. cxd4 Qc7 13. Nf1 e5 14. Ng3 exd4 15. Nxd4 Rfe8 16. Bf4 Bf8 17. Rac1 Qb6 18. Ndf5 Rac8 19. Qd2 Ne5 20. b3 Ng6 21. Be3 Qd8 22. Bd4 Re6 23. f3 Qe8 24. b4 Ne5 25. Bb3 Rxc1 1-0

[Event "First GM Mix Bassano 2021"]
[Site "Bassano del Grappa"]
[Date "2021.03.21"]
[Round "9.3"]
[White "Marasa, Giuseppe"]
[Black "Basso, Pier Luigi"]
[Result "0-1"]
[ECO "B06"]
[WhiteElo "1952"]
[BlackElo "2521"]
[Annotator "RC"]
[PlyCount "114"]
[EventDate "2021.03.17"]
[EventType "swiss"]
[EventCountry "ITA"]
[SourceTitle "playchess.com"]
[Source "ChessBase"]
[SourceQuality "1"]
[TimeControl "5400+30"]

1. d4 g6 2. e4 Bg7 3. Nc3 d5 4. exd5 Nf6 5. Nf3 Nxd5 6. Nxd5 Qxd5 7. c3 O-O 8. Be2 c5 9. dxc5 Qxc5 10. Be3 Qc7 11. O-O Nc6 12. Qa4 e5 13. Qh4 Ne7 14. Qc4 Nc6 15. Qh4 f6 16. Qc4+ Qf7 17. Qxf7+ Kxf7 18. Bc4+ Be6 19. Bxe6+ Kxe6 20. Rad1 Rfd8 21. Rfe1 Bf8 22. Kf1 b5 23. Ke2 a5 24. Rxd8 Rxd8 25. Rd1 Rb8 26. Nd2 f5 27. f3 a4 28. Kd3 Ne7 29. Bc5 Nd5 30. Bxf8 Rxf8 31. g3 Rd8 32. Ra1 h5 33. c4 bxc4+ 34. Nxc4 Nb6+ 35. Kc3 Nxc4 36. Kxc4 Rd2 37. b4 axb3 38. axb3 Rc2+ 39. Kb5 Rxh2 40. b4 f4 41. gxf4 exf4 42. Kc5 Rf2 43. b5 Rxf3 44. Kc4 Kd7 45. Ra7+ Kc8 46. Rg7 Rg3 47. Kc5 Rg1 48. Kc6 Rc1+ 49. Kd5 f3 50. Rf7 Rc3 51. Ke4 g5 52. Rf5 g4 53. Rxh5 f2 54. Rh8+ Kb7 55. Rh7+ Kb6 56. Rh6+ Kxb5 57. Rh1 g3 0-1

[Event "First GM Mix Bassano 2021"]
[Site "Bassano del Grappa"]
[Date "2021.03.21"]
[Round "9.5"]
[White "Frick, Cristopher"]
[Black "Grimaldi, Angela Flavia"]
[Result "0-1"]
[ECO "C41"]
[WhiteElo "2051"]
[BlackElo "2067"]
[Annotator "NA"]
[PlyCount "43"]
[EventDate "2021.03.17"]
[EventType "swiss"]
[EventCountry "ITA"]
[SourceTitle "playchess.com"]
[Source "ChessBase"]
[SourceQuality "1"]
[TimeControl "5400+30"]

1. e4 d6 2. d4 Nf6 3. Nc3 e5 4. Nf3 Nbd7 5. Rg1 Be7 6. g4 O-O 7. g5 Nh5 8. Nh4 g6 9. Nf5 Nb6 10. Be2 Ng7 11. Nxg7 Kxg7 12. Be3 f5 13. gxf6+ Bxf6 14. d5 c6 15. Qd2 Kh8 16. O-O-O cxd5 17. Nxd5 Nxd5 18. Qxd5 Be7 19. Bc4 Qe8 20. f4 Bd7 21. f5 Bc6 22. Qd3 0-1